Map: Disco Bloodbath LE

Players

tGG

  • Race: Protoss Protoss
  • Spawn Location: 9:00

MarineLorD - Winner!

  • Race: Terran Terran
  • League: Master
  • Spawn Location: 3:00

Event: NationWars 2019

VOD

Have the link to the VOD?

Description

Time

  • Played on: Oct. 10, 2019, 1:12 p.m.
  • Length: 9:42
Show
View Real Time Build Order
Export as new Build Order

tGG Protoss 

Build Orders: Dark Templar Rush 

Get SALT Encoding   

  12  0:00  Probe  
  13  0:13  Probe  
  14  0:18  Pylon  
  14  0:25  Probe  
  15  0:39  Probe (Chrono Boost), Gateway  
  16  0:44  Assimilator  
  16  0:49  Probe (Chrono Boost)  
  17  0:55  Pylon  
  17  0:56  Probe  
  18  1:08  Probe  
  19  1:13  Gateway  
  19  1:26  Cybernetics Core  
  19  1:28  Probe  
  20  1:33  Assimilator  
  20  1:40  Probe  
  21  1:59  Adept (Chrono Boost)  
  23  2:12  Adept (Chrono Boost)  
  24  2:19  Nexus  
  24  2:27  Adept (Chrono Boost)  
  24  2:28  Warp Gate (Chrono Boost)  
  26  2:47  Probe  
  27  2:53  Stalker (Chrono Boost)  
  29  2:59  Probe, Twilight Council  
  30  3:18  Stalker  
  30  3:22  Stalker  
  30  3:27  Probe  
  31  3:35  Dark Shrine  
  31  3:40  Probe  
  32  3:41  Probe  
  33  3:54  Pylon  
  33  4:01  Probe  
  33  4:02  Gateway  
  34  4:11  Probe  
  34  4:14  Gateway  
  35  4:19  Probe (Chrono Boost)  
  35  4:23  Probe (Chrono Boost)  
  38  4:31  Probe (Chrono Boost)  
  38  4:35  Pylon, Probe (Chrono Boost)  
  39  4:47  Dark Templar  
  39  4:48  Dark Templar  
  39  4:49  Blink (Chrono Boost)  
  43  4:54  Probe x2  
  45  5:10  Dark Templar  
  37  5:22  Dark Templar  
  37  5:34  Stalker, Probe x2  
  39  5:48  Probe x2  
  37  6:01  Probe (Chrono Boost)  
  39  6:05  Probe (Chrono Boost)  
  39  6:09  Stalker  
  41  6:15  Stalker, Nexus  
  41  6:16  Pylon  
  43  6:23  Probe  
  43  6:24  Probe  
  45  6:29  Stalker x2  
  45  6:30  Charge (Chrono Boost)  
  49  6:33  Assimilator  
  49  6:35  Probe  
  49  6:36  Probe  
  49  6:39  Gateway  
  51  6:46  Stalker  
  53  6:56  Stalker x2  
  53  7:00  Probe x2  
  59  7:12  Pylon, Probe x2  
  59  7:14  Assimilator  
  61  7:18  Stalker  
  63  7:24  Probe x2  
  63  7:26  Sentry, Zealot x2  
  71  7:30  Assimilator  
  71  7:32  Probe  
  71  7:36  Probe x2  
  74  7:45  Probe  
  73  8:07  Zealot  
  73  8:08  Zealot x4  
  83  8:29  Zealot x4  
  83  8:30  Zealot  
  85  8:47  Zealot x3  
  81  8:49  Probe  
  81  8:54  Gateway x2  
  81  8:55  Gateway, Zealot  
  80  8:56  Zealot  
  80  8:57  Pylon  
  80  8:58  Pylon  
  80  9:01  Forge  
  84  9:04  Pylon, Zealot, Dark Templar  
  72  9:17  Zealot  
  72  9:18  Zealot x2  
  70  9:26  Zealot  
Show
View Real Time Build Order
Export as new Build Order

MarineLorD Terran - Winner!

Build Orders: Reaper Expand 

Get SALT Encoding   

  12  0:00  SCV  
  13  0:12  SCV  
  14  0:17  Supply Depot  
  14  0:24  SCV  
  15  0:38  SCV  
  15  0:39  Barracks  
  16  0:43  Refinery  
  16  0:50  SCV  
  17  1:02  SCV  
  18  1:15  SCV  
  19  1:26  Reaper  
  19  1:27  Orbital Command  
  20  1:39  Command Center  
  20  1:53  Supply Depot  
  20  1:55  SCV  
  20  1:58  Barracks Reactor  
  21  2:05  Bunker  
  21  2:07  SCV  
  22  2:22  SCV, Factory  
  23  2:23  Refinery  
  23  2:36  Marine x2  
  25  2:37  SCV  
  26  2:49  SCV  
  27  2:54  Marine x2  
  29  3:01  SCV, Supply Depot  
  30  3:12  Marine  
  31  3:16  SCV  
  31  3:21  Marine  
  31  3:24  Widow Mine, Starport  
  33  3:28  SCV  
  33  3:29  Orbital Command  
  34  3:38  Marine  
  34  3:39  Marine  
  34  3:40  SCV  
  37  3:46  Widow Mine  
  39  3:52  SCV  
  40  3:56  SCV, Marine  
  40  3:57  Marine  
  40  4:00  Supply Depot, Medivac  
  45  4:04  SCV  
  45  4:07  Widow Mine  
  45  4:08  SCV  
  49  4:13  Marine  
  49  4:14  Supply Depot  
  49  4:15  Marine  
  52  4:17  SCV  
  52  4:20  SCV  
  53  4:29  SCV  
  53  4:31  Supply Depot  
  54  4:33  Factory Tech Lab, SCV  
  54  4:34  Starport Tech Lab  
  54  4:36  Barracks  
  55  4:41  Barracks, SCV  
  55  4:42  Marine x2  
  55  4:45  SCV  
  59  4:49  Engineering Bay  
  59  4:53  Siege Tank  
  59  4:57  Raven  
  64  5:01  SCV x2  
  65  5:09  Bunker, Marine x2  
  65  5:13  SCV  
  65  5:14  SCV  
  65  5:17  Missile Turret  
  60  5:24  Missile Turret  
  60  5:28  Missile Turret  
  58  5:31  SCV  
  58  5:36  Marine x2  
  59  5:44  SCV  
  60  5:56  Terran Infantry Weapons Level 1, SCV x2  
  62  5:57  Refinery  
  62  6:00  Marine x2  
  62  6:02  Stimpack, Marauder  
  66  6:09  Factory Reactor  
  66  6:10  SCV x2  
  68  6:14  Supply Depot  
  68  6:16  Marauder  
  70  6:23  Marine x2  
  70  6:24  Combat Shield, Starport Reactor  
  72  6:28  SCV x2  
  74  6:34  Supply Depot x2  
  74  6:37  Marauder  
  76  6:41  Marauder  
  76  6:42  Marine  
  79  6:52  Widow Mine x2  
  79  6:53  Supply Depot  
  81  6:58  Marauder  
  81  6:59  Marine  
  84  7:02  Marauder  
  84  7:06  Medivac  
  84  7:07  Supply Depot  
  88  7:10  Medivac  
  88  7:15  Refinery  
  90  7:20  Supply Depot  
  90  7:21  Widow Mine x2  
  94  7:24  Marine x2  
  94  7:26  Marauder  
  94  7:29  Marauder  
  100  7:32  Supply Depot  
  100  7:36  SCV x2  
  102  7:39  Medivac  
  102  7:40  Medivac  
  102  7:41  Concussive Shells  
  106  7:49  Marauder, Marine x2  
  106  7:50  SCV x2, Marauder  
  113  8:02  SCV  
  113  8:09  Command Center  
  113  8:13  Marine  
  113  8:14  Marauder x2, Marine  
  118  8:27  Widow Mine x2  
  122  8:28  Barracks x2, Medivac x2  
  117  8:42  Marauder, Marine x2  
  116  8:49  Widow Mine x2  
  116  8:51  Supply Depot x2  
  116  8:53  SCV  
  116  8:54  SCV  
  122  8:58  Medivac  
  124  9:05  Supply Depot  
  124  9:06  SCV x2, Supply Depot  
  126  9:10  Armory  
  122  9:20  Barracks Reactor, Marauder x2, Barracks Tech Lab  
  126  9:27  SCV  
Tags
 
Add a new tag
Caveats
  • Supply blocks, unpowered buildings, or Contaminate may cause inaccurate times.
  • Supply counts are checked every 10 seconds.